 Dungeon Crawl Stone Soup version 0.17-a0-1910-g4c791fa (webtiles) character file.

9368 FurryRage the Fighter (level 11, -27/99 HPs)
             Began as a Minotaur Berserker on Sept 24, 2015.
             Was a High Priest of Trog.
             Killed from afar by a frost giant (33 damage)
             ... with a bolt of cold
             ... on level 9 of the Dungeon on Sept 25, 2015.
             The game lasted 01:55:16 (8605 turns).

FurryRage the Fighter (Minotaur Berserker)          Turns: 8605, Time: 01:55:16

Health: -27/99     AC: 12    Str: 24    XL:     11   Next: 22%
Magic:  5/10       EV: 12    Int:  4    God:    Trog [*****.]
Gold:   378        SH: 10    Dex: 11    Spells: 0 memorised, 10 levels left

rFire  . . .     SeeInvis +     n - +0 war axe (freeze)
rCold  . . .     Clarity  .     H - +3 ring mail
rNeg   . . .     SustAt   .     b - +2 shield {AC+3}
rPois  +         Gourm    .     (helmet restricted)
rElec  .         Spirit   .     a - +0 cloak
rCorr  .         Warding  .     (no gloves)
rMut   .         Stasis   .     s - +0 pair of boots
MR     .....                    (no amulet)
Stlth  +.........               C - ring of poison resistance
                                h - ring of see invisible

@: corroded equipment, not resistant to hostile enchantments, very unstealthy
A: retaliatory headbutt, horns 2
a: Burn Spellbooks, Berserk, Trog's Hand, Brothers in Arms, Renounce Religion


You were on level 9 of the Dungeon.
You worshipped Trog.
Trog was extremely pleased with you.
You were not hungry.

You visited 2 branches of the dungeon, and saw 10 of its levels.
You also visited: Sewer.

You collected 378 gold pieces.

Inventory:

Hand weapons
 n - a +0 war axe of freezing (weapon)
 D - a +0 blowgun
 E - a +2 mace of crushing
 K - a +6 antimagic glaive
Missiles
 j - 5 needles of frenzy
 q - 4 tomahawks of returning (quivered)
 w - 7 poisoned javelins
 z - 11 poisoned needles
 F - 7 tomahawks
Armour
 a - a +0 cloak (worn)
 b - a +2 shield of protection (worn)
 s - a +0 pair of boots (worn)
 H - a +3 ring mail (worn)
 I - a +3 ring mail
 J - a +0 plate armour
Jewellery
 h - a ring of see invisible (left hand)
 t - an uncursed ring of poison resistance
 C - a ring of poison resistance (right hand)
Scrolls
 c - a scroll of holy word
 e - a scroll of torment {unknown}
 k - 5 scrolls of remove curse
 u - a scroll of enchant weapon
 y - a scroll of teleportation
 B - 2 scrolls of identify
 Y - a scroll of enchant armour
Potions
 d - 5 potions of poison
 f - a potion of haste
 g - a potion of ambrosia {unknown}
 i - a potion of lignification
 l - a potion of cure mutation
 m - 3 potions of heal wounds
 o - 3 potions of magic
 p - 4 potions of flight
 r - 2 potions of might
 A - 5 potions of curing
 L - 4 potions of brilliance
Comestibles
 x - 4 meat rations
 W - 29 fruits


   Skills:
 + Level 9.9 Fighting
 + Level 9.6(11.2) Axes
 + Level 4.4(7.6) Maces & Flails
 + Level 8.5(10.4) Polearms
 + Level 3.7 Throwing
 + Level 9.8 Armour
 + Level 9.4 Dodging
 + Level 1.0 Stealth
 + Level 0.2 Shields


You had 10 spell levels left.
You didn't know any spells.

Dungeon Overview and Level Annotations

Branches:
Dungeon (9/15)             Temple (1/1) D:7
   Lair: D:8-11         Orc: D:9-12

Altars:
Ashenzari
Cheibriados
Dithmenos
Elyvilon
Fedhas
Gozag
Makhleb
Nemelex Xobeh
Okawaru
Qazlal
Ru
Sif Muna
Trog
Vehumet
Xom
Yredelemnul
Zin
The Shining One

Annotations:
D:5 exclusion: oklob plant


Innate Abilities, Weirdness & Mutations

You reflexively headbutt those who attack you in melee.
You have a pair of horns on your head.


Message History

There is an open door here.
You slash the frost giant! You headbutt the frost giant!
The frost giant is moderately wounded.
The frost giant hits you with a battleaxe of freezing!!
The frost giant freezes you.
Your shield prevents you from hitting the frost giant.
You headbutt the frost giant, but do no damage.
The frost giant is moderately wounded.
The frost giant hits you with a battleaxe of freezing!
The frost giant freezes you.
You hit the frost giant.
The frost giant is moderately wounded.
You hit the frost giant.
The frost giant is moderately wounded.
The frost giant points at you and mumbles some strange words.
The bolt of cold hits you!
* * * LOW HITPOINT WARNING * * *
The frost giant gestures at you while chanting.
The bolt of cold hits you!
You die...

####...............##############
.......#############........)....
....#### #...#............. ###.#
+...'.############ ###.####
#.(.############## .......#
######'##.............
.......#...#).$#.).#.......>.....
###....#...#..C'...#.............
###....#...#[.[#@..#.............
.......# ######'##.............
#####..# #...#............. #..#
#...# #.......... #..# #...#
#.......... #..# #####
#..........
#..################..........
#####............................
.................................


You could see a frost giant.

Vanquished Creatures
  A centaur warrior (D:8)
  Psyche (D:8)
  A tengu conjurer (D:8)
  Grinder (D:3)
  Menkaure (D:6)
  A steam dragon (D:8)
  Duvessa (D:7)
  3 sky beasts
  An orc warrior (D:8)
  3 ice beasts
  2 black bears (D:8)
  2 eyes of draining
  4 ogres
  3 centaurs
  The ghost of PeterLawrence the Cudgeler, an average GrFi (D:4)
  2 big kobolds
  3 giant frogs
  A wyvern zombie (D:6)
  Dowan (D:7)
  2 scorpions
  5 killer bees (D:8)
  4 wights (D:6)
  8 crimson imps
  A centaur zombie (D:6)
  A giant frog zombie (D:8)
  A gnoll shaman (D:5)
  3 orc priests
  5 jellies
  2 giant frog skeletons
  7 hounds
  10 orc wizards
  A centaur skeleton (D:4)
  2 iguanas
  11 worker ants
  2 hound skeletons
  2 worker ant zombies (D:7)
  16 adders
  8 gnolls
  A shadow imp (D:8)
  4 oozes
  An adder zombie (D:8)
  An adder skeleton (D:5)
  A worm (D:2)
  9 giant geckos
  32 orcs
  6 ball pythons
  14 bats
  4 giant cockroaches
  9 goblins
  7 hobgoblins
  14 jackals
  22 kobolds
  14 giant newts
  3 quokkas (D:3)
  A quokka zombie (D:9)
  7 rats
274 creatures vanquished.

Vanquished Creatures (others)
  An orc wizard (D:5)
  A ball python (D:6)
2 creatures vanquished.

Grand Total: 276 creatures vanquished

Notes
Turn   | Place    | Note
--------------------------------------------------------------
     0 | D:1      | FurryRage the Minotaur Berserker began the quest for the Orb.
     0 | D:1      | Reached XP level 1. HP: 19/19 MP: 0/0
   325 | D:1      | Reached skill level 4 in Fighting
   326 | D:1      | Reached XP level 2. HP: 24/27 MP: 1/1
   453 | D:1      | Acquired Trog's second power
   732 | D:1      | Reached XP level 3. HP: 33/33 MP: 2/2
  1142 | D:2      | Found a snail-covered altar of Cheibriados.
  1338 | D:2      | Reached XP level 4. HP: 26/41 MP: 3/3
  1421 | D:2      | Found a glowing silver altar of Zin.
  1555 | D:3      | Noticed an ice beast
  1566 | D:3      | Killed an ice beast
  1566 | D:3      | Reached skill level 5 in Fighting
  1566 | D:3      | Reached XP level 5. HP: 28/48 MP: 4/4
  1726 | D:3      | Found a white marble altar of Elyvilon.
  2055 | D:3      | Found a sacrificial altar of Ru.
  2064 | D:3      | Reached skill level 5 in Axes
  2310 | D:3      | Found a shimmering altar of Xom.
  2316 | D:3      | Reached XP level 6. HP: 51/56 MP: 5/5
  2522 | D:3      | Found a shattered altar of Ashenzari.
  2609 | D:3      | Noticed Grinder
  2610 | D:3      | Paralysed by Grinder for 5 turns
  2628 | D:3      | Paralysed by Grinder for 5 turns
  2645 | D:3      | Killed Grinder
  2645 | D:3      | Reached skill level 5 in Armour
  2645 | D:3      | Reached XP level 7. HP: 16/61 MP: 6/6
  2687 | D:3      | Received a gift from Trog
  2712 | D:3      | Found a glowing golden altar of the Shining One.
  2741 | D:3      | HP: 3/61 [iguana (6)]
  2742 | D:3      | HP: 1/61 [poison (a potion of poison)]
  3055 | D:4      | Reached skill level 6 in Axes
  3057 | D:4      | Acquired Trog's third power
  3098 | D:4      | Found a burning altar of Makhleb.
  3342 | D:4      | Noticed PeterLawrence's ghost (average GrFi)
  3365 | D:4      | Killed PeterLawrence's ghost
  3365 | D:4      | Reached skill level 5 in Dodging
  3772 | D:5      | Entered Level 5 of the Dungeon
  3798 | D:5      | Reached XP level 8. HP: 67/71 MP: 7/7
  3836 | D:5      | Reached skill level 7 in Axes
  3902 | D:5      | Found a sparkling altar of Nemelex Xobeh.
  4588 | D:5      | Reached skill level 1 in Polearms
  4733 | D:5      | Reached skill level 8 in Axes
  4820 | D:5      | Found a blossoming altar of Fedhas.
  4840 | D:5      | Noticed an oklob plant
  5108 | D:6      | Found a basalt altar of Yredelemnul.
  5188 | D:6      | Found a glowing drain.
  5195 | Sewer    | Entered a sewer
  5312 | Sewer    | Received a gift from Trog
  5432 | Sewer    | Reached XP level 9. HP: 68/79 MP: 2/8
  5786 | D:6      | Found a stormy altar of Qazlal.
  5816 | D:6      | Noticed Menkaure
  5820 | D:6      | Killed Menkaure
  5972 | D:6      | Upgraded the game from 0.17-a0-1900-g45e8110 to 0.17-a0-1910-g4c791fa
  6316 | D:7      | Found a staircase to the Ecumenical Temple.
  6319 | Temple   | Entered the Ecumenical Temple
  6542 | D:7      | Noticed Duvessa
  6543 | D:7      | Noticed Dowan
  6552 | D:7      | Killed Duvessa
  6552 | D:7      | Reached skill level 5 in Polearms
  6553 | D:7      | Killed Dowan
  6704 | D:7      | Reached skill level 9 in Fighting
  6704 | D:7      | Reached XP level 10. HP: 88/91 MP: 3/9
  6793 | D:7      | Found a deep blue altar of Sif Muna.
  7224 | D:8      | Noticed Psyche
  7322 | D:8      | Killed Psyche
  7595 | D:8      | Received a gift from Trog
  7624 | D:8      | Reached XP level 11. HP: 43/97 MP: 3/10
  7911 | D:8      | Noticed a centaur warrior
  7923 | D:8      | Killed a centaur warrior
  7923 | D:8      | Reached skill level 1 in Stealth
  8599 | D:9      | Noticed a frost giant
  8605 | D:9      | Killed from afar by a frost giant

Vault maps used:
D:1:      tarquinn_simple_flora_water_b, minmay_lizard_king
D:2:      nicolae_overflow_crystal_walls, overflow_temple_1_default,
          grunt_ministairs_8
D:3:      elyvilon_altar_1, ashenzari_altar_1, tso_oasis_becter, led_xom_imps,
          nicolae_ru_great_annihilating_truth, minmay_misc_feat_five,
          uniq_grinder
D:4:      makhleb_heckhound_becter, minmay_misc_feat_more_columns
D:5:      nemelex_xobeh_ov_fountains_minmay, first_bread, tgw_fedhas
D:6:      lemuel_doored_altar, grunt_qazlal_clouds, lightli_sewer_entry_pipes,
          uniq_menkaure
D:7:      led_sif_book, temple_statues, uniq_duvessa
D:8:      hangedman_cross_stitches, blue_anna_alchemist, uniq_psyche
D:9:      kennysheep_vampire_church, david_lair_generic, erik_orc_1,
          serial_shops, shop, minmay_evil_grid
Temple:   nicolae_temple_hex_pool
Sewer:    kennysheep_pipe_town

Action                   |  1- 3 |  4- 6 |  7- 9 | 10-12 || total
-------------------------+-------+-------+-------+-------++-------
Melee: Hand axe          |    95 |   109 |   227 |       ||   431
       Spear             |       |       |    78 |       ||    78
       Glaive            |       |       |    81 |    92 ||   173
       War axe           |       |       |       |    37 ||    37
Invok: Burn Spellbooks   |       |       |     1 |     2 ||     3
  Use: Scroll            |       |     5 |     9 |     3 ||    17
       Potion            |       |       |    14 |     1 ||    15
  Eat: Pizza             |     1 |       |       |       ||     1
       Bread ration      |       |     1 |     1 |     1 ||     3
       Meat ration       |       |       |     2 |       ||     2
       Beef jerky        |       |       |     1 |       ||     1
